 Adventure DCSS version bcrawl-1.32 (webtiles) character file.

Game seed: 915963349449096787

101643 Leeroy the Slasher (level 3, 18/18 HPs)
             Began as a Skeleton Skald on Aug 5, 2021.
             Was an Initiate of Hepliaklqana.
             Quit the game on level 2 of the Dungeon.
             The game lasted 00:04:31 (1801 turns).

Leeroy the Slasher (Skeleton Skald)                 Turns: 1801, Time: 00:04:32

Health: 18/18      AC:  5    Str: 18    XL:     3   Next: 55%
Magic:  7/7        EV: 11    Int: 12    God:    Hepliaklqana [......]
Gold:   135        SH:  4    Dex:  8    Spells: 0/8 levels left
                                        Lives:  1   Deaths: 1

rFire    . . .     SeeInvis .   a - +0 long sword
rCold    + . .     Gourm    .   (no shield)
rNeg     + + +     Faith    .   f - +0 ring mail
rPois    ∞         Spirit   +   (no helmet)
rElec    .         Reflect  +   (no cloak)
rCorr    .         Harm     .   (no gloves)
MR       .....                  (no boots)
Stlth    +.........             e - +3 amulet of reflection
HPRegen  0.06/turn              (no ring)
MPRegen  0.10/turn              (no ring)

@: no status effects
A: no food or potions, reduced essence, cold resistance 1, deterioration 1,
negative energy resistance 3, torment resistance, unbreathing, magic shield,
sturdy frame 1, spell healing
a: Recall Ancestor, Ancestor Identity, Renounce Religion


You were on level 2 of the Dungeon.
You worshipped Hepliaklqana.
Hepliaklqana was noncommittal.
You were not hungry.

You visited 1 branch of the dungeon, and saw 2 of its levels.

You collected 135 gold pieces.

Inventory:

Hand Weapons
 a - a +0 long sword (weapon)
 h - a +0 dagger of distortion
Armour
 b - a +0 leather armour
 f - a +0 ring mail (worn)
Jewellery
 c - an uncursed ring of poison resistance
 e - a +3 amulet of reflection (around neck)
Scrolls
 d - a scroll of fear
 g - a scroll of teleportation {unknown}
 i - 2 scrolls of identify
 j - a scroll of remove curse {unknown}
 k - a scroll of enchant weapon {unknown}
 l - a scroll of fog {unknown}


   Skills:
 - Level 2.0 Fighting
 + Level 5.9 Long Blades
 - Level 1.1 Armour
 - Level 2.0 Dodging
 - Level 3.0 Spellcasting
 - Level 3.2 Charms


You couldn't memorise any spells.
You knew the following spells:

 Your Spells              Type           Power        Failure   Level  Hunger
a - Infusion              Chrm           #.......     9%          1    N/A
b - Song of Slaying       Chrm           #.......     13%         2    N/A
c - Swiftness             Chrm/Air       #.......     26%         2    N/A
d - Spectral Weapon       Hex/Chrm       #.......     45%         3    N/A

Your spell library contained the following spells:

 Spells                   Type           Power        Failure   Level  Hunger
 Ozocubu's Armour         Chrm/Ice       #.......     45%         3    N/A
 Regeneration             Chrm/Necr      Unusable     N/A         3    N/A

Dungeon Overview and Level Annotations

Branches:
Dungeon (2/12)

Altars:
Dithmenos
Hepliaklqana
Vehumet

Annotations:
D:2 Sigmund


Innate Abilities, Weirdness & Mutations

You do not eat or drink.
You are immune to poison.
Your flesh is cold resistant. (rC+)
Your body sometimes deteriorates upon taking damage.
You are immune to negative energy. (rN+++)
You are immune to unholy pain and torment.
You can survive without breathing.
When hurt, damage is shared between your health and your magic reserves.
Your movements are slightly less encumbered by armour. (ER -2)
Casting spells heals you.
Your life essence is reduced to manifest your ancestor. (-10% HP)


Message History

Muriel hits the bush.
Sigmund hits your spectral weapon with a +0 scythe.
Your spectral weapon shares its damage with you!
You barely miss Sigmund.
Sigmund is heavily wounded.
Your spectral weapon hits Sigmund.
The rat bites the bush but does no damage.
Muriel hits the bush but does no damage.
You hit Sigmund.
Sigmund is almost dead.
Your spectral weapon barely misses Sigmund.
The rat twitches its whiskers.
The rat bites the bush but does no damage.
Muriel hits the bush but does no damage.
Sigmund hits you with a +0 scythe!
You die...
Xom reaches out...
You are now level 3!
You rejoin the land of the living...
Are you sure you want to abandon this character and quit the game? (Confirm with "yes".)

.#..P♣♣♣....#
...P♣♣P♣♣...#
..P♣♣P..P♣P.#
.......P.♣..######
..PP♣PP..).......#
##.PPP.P♣.######.#
##.#...PP## #.#####
##.####### ##.#...##
##.############.@.###.#
##................# #.#
##.############...###.#
##.# ##.#...## ...#
#.##.## ##.#
######.##.# ##.#
#......##.# ...#
#.#######.#
###########.# #.#


There were no monsters in sight!

Vanquished Creatures
  An orc wizard (D:2)
  An adder (D:2)
  A worm (D:2)
  A dart slug (D:1)
  4 leopard geckos
  8 bats
  A giant cockroach (D:2)
  5 goblins
  8 hobgoblins
  9 kobolds
  2 frilled lizards
  7 rats
  A plant (D:2)
49 creatures vanquished.

Vanquished Creatures (collateral kills)
  A gnoll (D:2)
  A giant cockroach (D:2)
  A goblin (D:2)
3 creatures vanquished.

Grand Total: 52 creatures vanquished

Notes
Turn   | Place    | Note
-------+----------+-------------------------------------------
     0 | D:1      | Leeroy the Skeleton Skald began the quest for the Orb.
     0 | D:1      | Reached XP level 1. HP: 12/12 MP: 4/4
    45 | D:1      | Reached skill level 3 in Long Blades
    99 | D:1      | Reached XP level 2. HP: 17/17 MP: 6/6
   457 | D:1      | Reached skill level 4 in Long Blades
   496 | D:1      | Learned a level 2 spell: Song of Slaying
   499 | D:1      | Learned a level 2 spell: Swiftness
   704 | D:1      | Reached XP level 3. HP: 21/21 MP: 7/7
  1052 | D:2      | Reached skill level 5 in Long Blades
  1086 | D:2      | Reached XP level 4. HP: 26/26 MP: 8/8
  1111 | D:2      | Learned a level 3 spell: Spectral Weapon
  1250 | D:2      | Noticed a shadow
  1251 | D:2      | Found a shadowy altar of Dithmenos.
  1252 | D:2      | Found a hazy altar of Hepliaklqana.
  1269 | D:2      | Became a worshipper of Hepliaklqana the Forgotten
  1341 | D:2      | Found a radiant altar of Vehumet.
  1791 | D:2      | Noticed Sigmund
  1800 | D:2      | Slain by Sigmund
  1801 | D:2      | Reached XP level 3. HP: -1/18 MP: 0/7
  1801 | D:2      | Quit the game

Skill      XL: |  1  2  3 |
---------------+----------+-----
Long Blades    | 3 4 5 |  5.9
Fighting       | |  2.0
Armour         | |  1.1
Dodging        | |  2.0
Spellcasting   | |  3.0
Charms         | |  3.2

Action                   |  1- 3 |  4- 6 || total
-------------------------+-------+-------++-------
Melee: Long sword        |   135 |    50 ||   185
 Cast: Spectral Weapon   |       |     1 ||     1
Armor: Leather armour    |    14 |       ||    14
       Ring mail         |    21 |    10 ||    31
Dodge: Dodged            |    91 |    15 ||   106
Block: Other             |    10 |     3 ||    13
